 Dungeon Crawl Stone Soup version 0.20-a0-1020-g7b9e4fe (webtiles) character file.

4848 Murumi the Unseen (level 10, 0/88 HPs)
             Began as a Naga Enchanter on Apr 18, 2017.
             Was an Initiate of Cheibriados.
             Slain by a basilisk (8 damage)
             ... on level 7 of the Dungeon.
             The game lasted 00:40:14 (9944 turns).

Murumi the Unseen (Naga Enchanter)                  Turns: 9944, Time: 00:40:15

Health: 0/88       AC:  7    Str:  7 (9)  XL:     10   Next: 49%
Magic:  1/16       EV:  1    Int: 15 (16) God:    Cheibriados [......]
Gold:   306        SH:  0    Dex: 15      Spells: 11/17 levels left

rFire    + . .     SeeInvis +   f - +1 dagger (venom)
rCold    . . .     Gourm    .   (no shield)
rNeg     + + +     Faith    .   b - +0 robe
rPois    ∞         Spirit   .   (helmet restricted)
rElec    .         Reflect  .   r - +0 cloak
rCorr    .         Harm     .   (no gloves)
MR       +....                  (no barding)
Stlth    ++++++....             (no amulet)
Regen    0.3/turn               p - ring of flight
MPRegen  0.2/turn               h - +5 ring of evasion

@: petrified, very slightly contaminated, very slow
A: horns 1, icy blue scales 1, see invisible, clumsy 1, deformed body,
deterioration 2, fire resistance 1, poison resistance, slowness 2, slow
metabolism 1, spit poison 1, weak 1, sturdy frame 1, AC +3
a: Spit Poison, Bend Time, Renounce Religion, Evoke Flight


You were on level 7 of the Dungeon.
You worshipped Cheibriados.
Cheibriados was noncommittal.
You were not hungry.

You visited 2 branches of the dungeon, and saw 9 of its levels.

You collected 306 gold pieces.

Inventory:

Hand Weapons
 f - a +1 dagger of venom (weapon)
 j - a +0 dagger of venom
 y - a +2 dagger of draining
Armour
 b - a +0 robe (worn)
 r - a +0 cloak (worn)
Jewellery
 h - a +5 ring of evasion (right hand)
 p - a ring of flight (left hand)
Wands
 i - a wand of polymorph (18/24)
 o - a wand of paralysis (11/24)
 v - a wand of lightning (9/15)
 x - a wand of lightning (6/15)
 A - a wand of acid (3/15)
Scrolls
 k - 3 scrolls of enchant armour {unknown}
 l - 3 scrolls of blinking
 n - 2 scrolls of amnesia {unknown}
 q - a scroll of identify
 s - 2 scrolls of recharging {unknown}
 t - a scroll of fog {unknown}
 w - a scroll of enchant weapon {unknown}
 B - a scroll of random uselessness {unknown}
Potions
 e - 3 potions of curing
Books
 c - a book of Maledictions

   Spells                             Type                      Level
   a - Corona                         Hexes                        1
   b - Ensorcelled Hibernation        Hexes/Ice                    2
   c - Confuse                        Hexes                        3
   d - Tukima's Dance                 Hexes                        3
   e - Dazzling Spray                 Conjuration/Hexes            3
 u - a book of Callings

   Spells                             Type                      Level
   a - Summon Small Mammal            Summoning                    1
   b - Call Imp                       Summoning                    2
   c - Call Canine Familiar           Summoning                    3
   d - Summon Guardian Golem          Hexes/Summoning              3
   e - Summon Lightning Spire         Summoning/Air                4
   f - Summon Ice Beast               Ice/Summoning                4
Comestibles
 d - 6 bread rations
 g - 3 royal jellies
 m - 5 meat rations
 z - 2 chunks of flesh


   Skills:
 - Level 5.1 Fighting
 + Level 4.3 Short Blades
 - Level 5.1 Dodging
 - Level 16.0 Stealth
 - Level 4.0 Spellcasting
 - Level 5.1 Hexes


You had 11 spell levels left.
You knew the following spells:

 Your Spells              Type           Power        Failure   Level  Hunger
a - Corona                Hex            ###....      1%          1    None
b - Ensorcelled Hibernat  Hex/Ice        ##....       12%         2    ##.....
c - Confuse               Hex            ###.....     10%         3    ###....


Dungeon Overview and Level Annotations

Branches:
Dungeon (8/15)             Temple (1/1) D:4
   Lair: D:8-11

Altars:
Ashenzari
Cheibriados
Dithmenos
Elyvilon
Fedhas
Gozag
Hepliaklqana
Kikubaaqudgha
Makhleb
Nemelex Xobeh
Okawaru
Qazlal
Ru
Sif Muna
Trog
Vehumet
Wu Jian
Xom
Yredelemnul
Zin

Shops:
D:6 [


Innate Abilities, Weirdness & Mutations

You cannot wear boots.
Your serpentine skin is tough. (AC +3)
You have supernaturally acute eyesight. (SInv)
Armour fits poorly on your strangely shaped body.
Your system is resistant to poisons. (rPois)
You cover ground very slowly.
You have a slow metabolism.
You can spit poison.
You have a pair of small horns on your head.
You are partially covered in icy blue scales. (AC +2)
You are clumsy. (Dex -2)
Your body often deteriorates upon taking damage.
Your flesh is heat resistant. (rF+)
You are weak. (Str -2)
Your movements are slightly less encumbered by armour. (ER -2)


Message History

Your limbs are stiffening.
Casting: Ensorcelled Hibernation
Confirm with . or Enter, or press ? or * to list all spells.
Okay, then.
Casting: Ensorcelled Hibernation
Confirm with . or Enter, or press ? or * to list all spells.
Aiming: Ensorcelled Hibernation
Press: ? - help, Shift-Dir - straight line, f/p - yak
Aim: a yak (chance to defeat MR: 41%)
The yak looks drowsy...
The basilisk bites you!
* * * LOW HITPOINT WARNING * * *
You have turned to stone.
The basilisk bites you!
* * * LOW HITPOINT WARNING * * *
The yak bellows!
The basilisk bites you!
* * * LOW HITPOINT WARNING * * *
The yak gores you but does no damage. The basilisk bites you!
You die...

#############
##.l@..#.....##
##...Y)........##
#...............#
#...............#
#...............#
#...............#
#...............##
#...............(###
##.................###


You could see a yak and a basilisk.

Vanquished Creatures
  The ghost of zhorgal the Grappler, a novice TrGl of Uskayaw (D:6)
  Pikel (D:6)
  The ghost of Mulkerokala the Caller, an amateur DESu (D:4)
  Eustachio (D:5)
  Menkaure (D:7)
  An orc warrior (D:6)
  3 ice beasts
  3 black bears
  The ghost of krabocopter the Firebug, an amateur OgFE (D:3)
  2 sky beasts
  3 ogres
  A slave (D:6)
  4 centaurs
  A big kobold (D:7)
  Blork the orc (D:4)
  6 bullfrogs
  4 scorpions
  5 killer bees (D:7)
  7 crimson imps
  5 hounds
  3 jellies
  3 orc priests
  4 orc wizards
  An iguana (D:3)
  5 worker ants
  3 hound skeletons
  A worker ant zombie (D:5)
  9 adders
  A shadow imp (D:7)
  An ooze (D:1)
  4 worms
  3 dart slugs
  6 leopard geckos
  35 orcs
  11 bats
  5 giant cockroaches
  11 goblins
  10 hobgoblins
  17 jackals
  4 quokkas
  8 frilled lizards
  2 jackal skeletons
  A jackal zombie (D:5)
  11 kobolds
  A quokka skeleton (D:6)
  10 rats
222 creatures vanquished.

Vanquished Creatures (others)
  A jelly (D:6)
  An adder skeleton (D:6)
  An orc (D:4)
  A quokka (D:6)
4 creatures vanquished.

Grand Total: 226 creatures vanquished

Notes
Turn   | Place    | Note
-------+----------+-------------------------------------------
     0 | D:1      | Murumi the Naga Enchanter began the quest for the Orb.
     0 | D:1      | Reached XP level 1. HP: 15/15 MP: 3/3
   202 | D:1      | Reached XP level 2. HP: 19/22 MP: 5/5
   215 | D:1      | Reached skill level 5 in Stealth
   219 | D:1      | Learned a level 2 spell: Ensorcelled Hibernation
   496 | D:1      | Reached XP level 3. HP: 19/28 MP: 6/6
   723 | D:1      | Reached skill level 6 in Stealth
   958 | D:1      | Reached skill level 1 in Fighting
  1405 | D:2      | Learned a level 3 spell: Confuse
  1659 | D:2      | Reached XP level 4. HP: 38/38 MP: 7/7
  2471 | D:2      | Found a deep blue altar of Sif Muna.
  2848 | D:3      | Reached skill level 7 in Stealth
  2881 | D:3      | Reached XP level 5. HP: 24/44 MP: 8/8
  3191 | D:3      | Reached skill level 8 in Stealth
  3535 | D:3      | Noticed krabocopter's ghost (amateur OgFE)
  3541 | D:3      | Gained mutation: You are dopey. (Int -2) [potion of mutation]
  3541 | D:3      | Gained mutation: You are resistant to hostile enchantments. (MR+) [potion of mutation]
  3541 | D:3      | Gained mutation: You are partially covered in icy blue scales. (AC +2) [potion of mutation]
  3546 | D:3      | HP: 1/66 [krabocopter's ghost/flame tongue (4)]
  3564 | D:3      | Killed krabocopter's ghost
  3564 | D:3      | Reached skill level 9 in Stealth
  3564 | D:3      | Reached XP level 6. HP: 7/51 MP: 1/9
  4365 | D:4      | Noticed Blork the orc
  4377 | D:4      | Killed Blork the orc
  4377 | D:4      | Reached skill level 10 in Stealth
  4412 | D:4      | Noticed Mulkerokala's ghost (amateur DESu)
  5278 | D:4      | Reached XP level 7. HP: 61/61 MP: 1/10
  5354 | D:4      | Found a basalt altar of Yredelemnul.
  5354 | D:4      | Found a blossoming altar of Fedhas.
  5355 | D:4      | Found an opulent altar of Gozag.
  5355 | D:4      | Found a shattered altar of Ashenzari.
  5491 | D:5      | Entered Level 5 of the Dungeon
  5732 | D:5      | Reached skill level 11 in Stealth
  5760 | D:5      | Noticed Eustachio
  5787 | D:5      | Killed Eustachio
  5814 | D:5      | Reached XP level 8. HP: 63/69 MP: 0/11
  6423 | D:5      | Reached skill level 12 in Stealth
  7068 | D:4      | Killed Mulkerokala's ghost
  7068 | D:4      | Reached skill level 13 in Stealth
  7146 | D:4      | Found a hazy altar of Hepliaklqana.
  7274 | D:4      | Found a blossoming altar of Fedhas.
  7312 | D:4      | Found a staircase to the Ecumenical Temple.
  7318 | Temple   | Entered the Ecumenical Temple
  7415 | D:4      | Lost mutation: You are dopey. (Int -2) [potion of mutation]
  7415 | D:4      | Lost mutation: You are resistant to hostile enchantments. (MR+) [potion of mutation]
  7415 | D:4      | Gained mutation: You are resistant to hostile enchantments. (MR+) [potion of mutation]
  7415 | D:4      | Gained mutation: Your tail ends in a poisonous barb. [potion of mutation]
  7416 | D:4      | Lost mutation: Your tail ends in a poisonous barb. [potion of mutation]
  7416 | D:4      | Lost mutation: You are resistant to hostile enchantments. (MR+) [potion of mutation]
  7416 | D:4      | Gained mutation: Your body sometimes deteriorates upon taking damage. [potion of mutation]
  7416 | D:4      | Gained mutation: You are weak. (Str -2) [potion of mutation]
  7416 | D:4      | Gained mutation: You have a pair of small horns on your head. [potion of mutation]
  7525 | D:6      | Noticed zhorgal's ghost (novice TrGl)
  7544 | D:6      | Found Nearghesk's Armour Emporium.
  7549 | D:6      | Reached XP level 9. HP: 79/79 MP: 13/13
  7560 | D:6      | Reached skill level 5 in Fighting
  7772 | D:6      | Found an iron altar of Okawaru.
  7842 | D:6      | Reached skill level 14 in Stealth
  7921 | D:6      | Killed zhorgal's ghost
  7921 | D:6      | Reached skill level 5 in Hexes
  8428 | D:6      | Noticed Pikel
  8443 | D:6      | Killed Pikel
  8443 | D:6      | Reached skill level 5 in Dodging
  8572 | D:6      | Reached XP level 10. HP: 80/88 MP: 14/14
  8978 | D:7      | Noticed Menkaure
  8980 | D:7      | Killed Menkaure
  9012 | D:7      | Reached skill level 15 in Stealth
  9585 | D:7      | Found a snail-covered altar of Cheibriados.
  9586 | D:7      | Found a radiant altar of Vehumet.
  9592 | D:7      | Became a worshipper of Cheibriados the Contemplative
  9725 | D:8      | Gained mutation: Your movements are slightly less encumbered by armour. (ER -2) [mutagenic meat]
  9726 | D:8      | Gained mutation: Your body often deteriorates upon taking damage. [mutagenic meat]
  9727 | D:8      | Gained mutation: You are clumsy. (Dex -2) [mutagenic meat]
  9729 | D:8      | Gained mutation: Your flesh is heat resistant. (rF+) [mutagenic meat]
  9884 | D:7      | Reached skill level 16 in Stealth
  9921 | D:8      | Noticed an elephant
  9944 | D:7      | Slain by a basilisk

Vault maps used:
D:1:      dpeg_arrival_snail
D:2:      led_sif_pool
D:4:      kennysheep_mini_moat, chequers_temple_overflow_statue_of_worship,
          minmay_temple_entry_fiery, fedhas_altar_1, uniq_blork_the_orc
D:5:      first_bread, uniq_eustachio
D:6:      kennysheep_little_box, serial_shops, shop_statue, uniq_pikel
D:7:      gammafunk_temple_overflow_wave, uniq_menkaure
D:8:      lemuel_doored_altar, david_lair_generic, uniq_grum
Temple:   minmay_freezing_vapour_temple

Skill      XL: |  1  2  3  4  5  6  7  8  9 10 |
---------------+-------------------------------+-----
Dodging        | 2 5 |  5.1
Stealth        | 5 6 7 9 10 11 13 14 16 | 16.0
Fighting       | 1 2 3 4 5 |  5.1
Short Blades   | 4 |  4.3
Spellcasting   | 3 4 |  4.0
Hexes          | 5 |  5.1

Action                   |  1- 3 |  4- 6 |  7- 9 | 10-12 || total
-------------------------+-------+-------+-------+-------++-------
Melee: Dagger            |    98 |   172 |   253 |   156 ||   679
       Headbutt          |       |       |    14 |    27 ||    41
 Cast: Confuse           |       |    19 |    14 |     1 ||    34
       Ensorcelled Hiber |       |     7 |    31 |    28 ||    66
 Abil: Spit Poison       |    17 |    20 |     8 |     4 ||    49
  Use: Scroll            |     5 |     2 |     2 |     1 ||    10
       Potion            |     1 |     6 |     4 |     3 ||    14
 Stab: Sleeping          |     7 |    14 |    28 |    20 ||    69
       Distracted        |       |     2 |     1 |       ||     3
       Confused          |       |       |     2 |     1 ||     3
  Eat: Chunk             |     2 |    11 |    12 |    11 ||    36
       Meat ration       |       |     1 |       |       ||     1
Armor: Robe              |    22 |    37 |    58 |    42 ||   159
       Skin              |    32 |     8 |       |       ||    40
Dodge: Dodged            |    62 |   131 |   175 |   144 ||   512
